 Dungeon Crawl Stone Soup version 0.31-a0-705-ga145531891 (webtiles) character file.

Game seed: 11720063588994025170

8485 Ofeo the Fighter (level 11, 0/91 HPs)
             Began as a Demonspawn Shapeshifter on Sept 9, 2023.
             Was a High Priest of Uskayaw.
             Killed from afar by Lodul (36 damage)
             ... with a bolt of lightning
             ... on level 11 of the Dungeon.
             The game lasted 00:15:35 (11146 turns).

Ofeo the Fighter (Demonspawn Shapeshifter)         Turns: 11146, Time: 00:15:35

Health: 0/91       AC: 13    Str: 18    XL:     11   Next: 10%
Magic:  17/17      EV: 10    Int: 12    God:    Uskayaw [*****.]
Gold:   52         SH:  0    Dex: 13    Spells: 10/10 levels left

rFire   . .          .
                       - Unarmed
rCold   + . .        (no shield)
rNeg    . . .        u - +3 plate armour {Will+}
rPois   .            (helmet currently unavailable)
rElec   .            (cloak currently unavailable)
rCorr   .            (gloves unavailable)
SInv    .            (boots unavailable)
Will    +....        p - amulet of the acrobat Stlth
                     z - +5 ring of evasion
HPRegen 1.35/turn    h - ring of protection from cold
MPRegen 0.15/turn

%: acrobat
@: beast-form, studying Shapeshifting
A: beast (slay +4), antennae 1, hooves 3, powered by death 1, demonic touch 3
a: Begin Untransformation, Renounce Religion, Stomp, Line Pass, Grand Finale


You were on level 11 of the Dungeon.
You worshipped Uskayaw.
Uskayaw was aware of your devotion.
You were a hulking beast.
You visited 2 branches of the dungeon, and saw 12 of its levels.

You collected 592 gold pieces.
You spent 540 gold pieces at shops.

Inventory:

Missiles
 b - 2 throwing nets
 n - a curare-tipped dart (quivered)
Armour
 u - a +3 plate armour of willpower (worn)
Jewellery
 g - a ring of positive energy
 h - a ring of protection from cold (right hand)
 p - an amulet of the acrobat (around neck)
 z - a +5 ring of evasion (left hand)
Talismans
 c - a beast talisman (active)
 d - a flux talisman
Wands
 j - a wand of roots (24)
 w - a wand of mindburst (8)
 x - a wand of charming (4)
 y - a wand of quicksilver (1)
Scrolls
 a - 2 scrolls of silence
 e - 2 scrolls of blinking {@r4}
 i - 2 scrolls of identify {@r1}
 o - 3 scrolls of teleportation {@r3}
 v - 3 scrolls of amnesia
 A - a scroll of fog {unknown}
Potions
 f - a potion of mutation
 k - 2 potions of attraction
 l - 3 potions of lignification
 m - 2 potions of might {@q4}
 q - a potion of curing {@q1}
 r - 3 potions of resistance {unknown}
 s - 4 potions of haste {@q3}
 t - 4 potions of invisibility {unknown}
 B - a potion of brilliance {unknown}


   Skills:
 + Level 10.2 Fighting
 - Level 1.9 Dodging
 + Level 9.7 Unarmed Combat
 + Level 9.3 Invocations
 - Level 7.4 Shapeshifting


You had 10 spell levels left.
You didn't know any spells.
Your spell library contained the following spells:

 Spells                   Type           Power      Damage    Failure   Level
 Freeze                   Ice            0%         1d3       100%        1
 Magic Dart               Conj           0%         1d3       100%        1
 Shock                    Conj/Air       0%         1d3       100%        1
 Call Imp                 Summ           0%         N/A       100%        2
 Ensorcelled Hibernation  Hex/Ice        0%         N/A       100%        2
 Jinxbite                 Hex            0%         N/A       100%        2
 Scorch                   Fire           0%         2d5       100%        2
 Frozen Ramparts          Ice            0%         1d1       100%        3
 Hailstorm                Conj/Ice       0%         3d3       100%        3
 Mephitic Cloud           Conj/Pois/Air  0%         N/A       100%        3
 Swiftness                Air            0%         N/A       100%        3
 Airstrike                Air            0%         2d(0-16)  100%        4
 Anguish                  Hex/Necr       0%         N/A       100%        4
 Flame Wave               Conj/Fire      0%         2d4       100%        4
 Summon Cactus Giant      Summ           0%         N/A       100%        6


Dungeon Overview and Level Annotations

Branches:
Dungeon (11/15)            Temple (1/1) D:6            Lair (0/5) D:8
    Orc (0/2) D:10

Altars:
Ashenzari
Cheibriados
Dithmenos
Fedhas
Gozag
Hepliaklqana
Kikubaaqudgha
Makhleb
Nemelex Xobeh
Okawaru
Qazlal
Ru
Sif Muna
Trog
Uskayaw
Vehumet
Wu Jian
Xom
Yredelemnul

Shops:
D:7 [   D:11 [[=

Annotations:
D:11 Lodul


Innate Abilities, Weirdness & Mutations

You are a hulking beast.
Your limbs bulge with bestial killing power. (Slay +4)
You have a pair of small antennae on your head.
You have hooves in place of feet.
You regenerate a little health from kills.
Your touch may irresistibly damage your foes and sap their willpower.


Message History

You take 11 damage, and have 79/90 hp.
Okay, then.
You hit the ogre.
You kill the ogre!
The ogre hits you with a +0 giant club!!
You take 20 damage, and have 59/90 hp.
MASSIVE DAMAGE!!
You punch the ogre! Your kick misses the ogre. You punch the ogre.
The ogre is heavily wounded.
Uskayaw will force your foes to helplessly watch your dance.
Uskayaw prepares the audience for your solo!
The helpless ogre fails to defend itself.
You pummel the ogre!!
You kill the ogre!
The helpless ogre fails to defend itself.
You punch the ogre!
The ogre is heavily wounded.
The ogre is no longer paralysed.
The komodo dragon is no longer paralysed.
The ogre barely misses you.
Uskayaw will force your foes to share their pain.
Uskayaw links your audience in an emotional bond!
You punch the ogre!
You kill the ogre!
Lodul is no longer paralysed.
Electricity crackles from Lodul's apparatus.
The bolt of lightning hits you!
You take 8 damage, and have 54/91 hp.
You hit the komodo dragon.
You touch the komodo dragon!
You sap its willpower!
Your punch misses the komodo dragon.
The komodo dragon is severely wounded.
The komodo dragon bites you!!
You can now merge with and destroy a victim.
You take 20 damage, and have 34/91 hp.
MASSIVE DAMAGE!!
Aiming: Grand Finale
Press: ? - help, Shift-Dir - straight line, f - Lodul
Aim: Lodul, wielding a +0 dire flail of holy wrath (sharing his pain)
You fail to use your ability.
Electricity crackles from Lodul's apparatus.
The bolt of lightning hits you!!!
You die...

.# ## ...##.## .......#
#### ######
...##..###<.####.##.##
...##...#....##......#
....##...#..####h....#
...#....##.#####l)..###
.............##.#...#.###
.....#..................##
.....#....##.............#
....#..........##..O.....#
..............###.......##
...##..........#......#.##
.#####............#......#


You could see Lodul (pain bonded) and a komodo dragon (weak-willed, pain
bonded).

Vanquished Creatures
  Erica (D:8)
  A boulder beetle (D:10)
  Psyche (D:8)
  An unseen horror (D:10)
  A kobold demonologist (D:9)
  2 wraiths (D:10)
  6 yaks
  A wyvern (D:7)
  3 vampire mosquitoes (D:10)
  A steam dragon (D:10)
  Edmund (D:5)
  A warg (D:10)
  A black bear (D:6)
  8 orc warriors
  3 water moccasins
  2 sky beasts
  3 ice beasts
  3 centaurs (D:9)
  7 ogres
  A kobold brigand (D:10)
  2 bullfrogs
  2 scorpions
  9 wights
  A howler monkey (D:11)
  2 hounds
  2 jellies
  2 sleepcaps
  10 orc priests
  3 gnoll boudas
  4 iguanas
  10 orc wizards
  5 adders
  17 gnolls
  A shadow imp (D:8)
  3 white imps
  A worm (D:3)
  5 dart slugs
  41 orcs
  8 ball pythons
  8 endoplasms
  6 giant cockroaches
  13 hobgoblins
  3 jackals (D:4)
  13 kobolds
  9 quokkas
  2 bats (D:3)
  3 frilled lizards
  8 goblins
  6 rats
247 creatures vanquished.

Notes
Turn   | Place    | Note
-------+----------+-------------------------------------------
     0 | D:1      | Ofeo the Demonspawn Shapeshifter began the quest for the
                  | Orb.
     0 | D:1      | Reached XP level 1. HP: 15/15 MP: 1/1
   168 | D:1      | Discovered your monstrous ancestry.
   168 | D:1      | Gained mutation: Your touch may inflict minor irresistible
                  | damage on your foes. [demonic ancestry]
   168 | D:1      | Reached XP level 2. HP: 15/21 MP: 2/2
   508 | D:1      | Gained mutation: You have large cloven feet. [demonic
                  | ancestry]
   508 | D:1      | Reached XP level 3. HP: 22/26 MP: 3/3
   988 | D:2      | Noticed an ogre
  1000 | D:2      | Killed an ogre
  1001 | D:2      | Gained mutation: Your touch may inflict irresistible damage
                  | on your foes. [demonic ancestry]
  1001 | D:2      | Reached XP level 4. HP: 32/32 MP: 4/4
  1078 | D:2      | Gained mutation: Your touch may irresistibly damage your
                  | foes and sap their willpower. [demonic ancestry]
  1078 | D:2      | Reached XP level 5. HP: 34/37 MP: 5/5
  1544 | D:2      | Identified a scroll of acquirement
  1544 | D:2      | Acquired a manual of Shapeshifting
  1674 | D:3      | Reached skill level 5 in Shapeshifting
  3180 | D:4      | Gained mutation: You have hoof-like feet. [demonic
                  | ancestry]
  3180 | D:4      | Reached XP level 6. HP: 28/43 MP: 6/6
  3609 | D:4      | Found an opulent altar of Gozag.
  3693 | D:4      | Found a hazy altar of Hepliaklqana.
  3971 | D:4      | Found a hide-covered altar of Uskayaw.
  4018 | D:4      | Found a burning altar of Makhleb.
  4194 | D:5      | Entered Level 5 of the Dungeon
  4209 | D:5      | Reached skill level 2 in Fighting
  4351 | D:5      | Gained mutation: You have a pair of small antennae on your
                  | head. [demonic ancestry]
  4351 | D:5      | Reached XP level 7. HP: 51/51 MP: 7/7
  4377 | D:5      | Reached skill level 3 in Fighting
  4587 | D:5      | Noticed Edmund
  4605 | D:5      | Killed Edmund
  4606 | D:5      | Reached skill level 4 in Fighting
  4898 | D:5      | Reached XP level 8. HP: 57/61 MP: 8/8
  5090 | D:5      | Reached skill level 5 in Unarmed Combat
  5870 | D:6      | Found a staircase to the Ecumenical Temple.
  6018 | D:6      | Reached skill level 5 in Fighting
  6227 | D:6      | Found a stormy altar of Qazlal.
  6371 | D:7      | Reached skill level 6 in Fighting
  6739 | D:7      | Found a radiant altar of Vehumet.
  6824 | D:7      | Found a sacrificial altar of Ru.
  6824 | D:7      | Found a shimmering blue altar of Sif Muna.
  7033 | D:7      | Gained mutation: You regenerate a little health from kills.
                  | [demonic ancestry]
  7033 | D:7      | Reached XP level 9. HP: 71/71 MP: 9/9
  7046 | D:7      | Found Qoprimna's Armour Boutique.
  7065 | D:7      | Reached skill level 7 in Fighting
  7355 | Temple   | Entered the Ecumenical Temple
  7519 | D:4      | Became a worshipper of Uskayaw the Reveller
  7654 | D:6      | Reached * piety under Uskayaw
  7657 | D:6      | Reached ** piety under Uskayaw
  7660 | D:6      | Reached skill level 1 in Invocations
  7660 | D:6      | Reached *** piety under Uskayaw
  8150 | D:6      | Reached **** piety under Uskayaw
  8382 | D:8      | Reached ***** piety under Uskayaw
  8623 | D:8      | Found a staircase to the Lair.
  8626 | D:8      | Noticed Psyche
  8652 | D:8      | Found a snail-covered altar of Cheibriados.
  8680 | D:8      | Killed Psyche
  8681 | D:8      | Reached skill level 8 in Fighting
  8753 | D:8      | Noticed Erica
  8766 | D:8      | Killed Erica
  8767 | D:8      | Reached skill level 5 in Invocations
  8818 | D:8      | Reached XP level 10. HP: 59/82 MP: 14/14
  9327 | D:9      | Identified the +3 flail of Brutal Revenge {venom, Int+2}
  9539 | D:9      | Reached skill level 9 in Fighting
  9863 | D:10     | Entered Level 10 of the Dungeon
  9898 | D:10     | Noticed a boulder beetle
  9914 | D:10     | Killed a boulder beetle
  9917 | D:10     | Reached ****** piety under Uskayaw
  9931 | D:10     | Found a staircase to the Orcish Mines.
 10117 | D:10     | Found an ornate altar of the Wu Jian Council.
 10430 | D:10     | Reached skill level 10 in Fighting
 10494 | D:10     | Gained mutation: You have hooves in place of feet. [demonic
                  | ancestry]
 10494 | D:10     | Reached XP level 11. HP: 65/90 MP: 17/17
 10950 | D:7      | Bought a +3 plate armour of willpower for 540 gold pieces
 11019 | D:11     | Found Feawkum's Armour Shop.
 11019 | D:11     | Found Toimm's Armour Shop.
 11019 | D:11     | Found Vuiw's Jewellery Shop.
 11139 | D:11     | Noticed Lodul
 11146 | D:11     | Killed from afar by Lodul

Illustrated notes

Levels and vault maps discovered:
D:1:      dpeg_arrival_rooms_a, layout_loops_ring
D:2:      layout_loops_ring
D:3:      layout_basic
D:4:      layout_cave_pools, lemuel_tele_altar, marbit_many_paths,
          general_overflow_altar, nicolae_uskayaw_murder_on_the_dancefloor
D:5:      layout_loops_ring, chequers_serial_rivers_micro_b, chequers_big_river,
          minmay_misc_feat_more_columns, uniq_edmund
D:6:      layout_basic, nicolae_qazlal_eye_of_the_storm,
          minmay_temple_entry_from_below_a, serial_corexii_hall,
          corexii_hall_statues_u, corexii_hall_statues_i,
          chequers_hall_statues_y
D:7:      layout_loops_ring, chequers_temple_overflow_statue_of_worship,
          mainiacjoe_overflow_alcove_4, serial_shops,
          nicolae_shop_rolling_square
D:8:      layout_rooms, cheibriados_altar_1, lair_entry_dummy, uniq_erica,
          uniq_psyche
D:9:      layout_basic
D:10:     layout_roguey, amcnicky_altar_gilded, erik_orc_4, minivault_27
D:11:     layout_cross, nicolae_shop_distant_corner_stores, uniq_sonja,
          uniq_lodul, uniq_nergalle
Temple:   chequers_temple_sunken

Skill      XL: |  1  2  3  4  5  6  7  8  9 10 |
---------------+-------------------------------+-----
Shapeshifting  | 3 4 6 7 |  7.4
Fighting       | 2 4 6 8 10 | 10.2
Unarmed Combat | 3 4 6 8 9 |  9.7
Invocations    | 5 9 |  9.3
Dodging        | |  1.9

Action                     |  1- 3 |  4- 6 |  7- 9 | 10-12 || total
---------------------------+-------+-------+-------+-------++-------
  Melee: Unarmed           |    80 |   129 |   199 |   170 ||   578
         Touch             |     5 |    16 |    29 |    37 ||    87
         Kick              |     2 |    36 |    55 |    57 ||   150
         Punch             |       |     1 |     6 |     7 ||    14
  Throw: Dart              |     4 |     4 |     2 |       ||    10
  Evoke: Wand              |       |       |     1 |       ||     1
    Use: Scroll            |       |     9 |     3 |     3 ||    15
         Potion            |       |     4 |     2 |       ||     6
   Stab: Sleeping          |     2 |     1 |       |       ||     3
         Paralysed         |       |       |     6 |    17 ||    23
 Armour: Animal skin       |    32 |     7 |       |       ||    39
         Chain mail        |       |    95 |   106 |    93 ||   294
         Skin              |       |       |     1 |       ||     1
         Plate armour      |       |       |       |     6 ||     6
  Dodge: Dodged            |    48 |    77 |    75 |   120 ||   320

Table legend: (Time is in decaauts)
 A = Elapsed time spent in this place.
 B = Non-inter-level travel time spent in this place.
 C = Inter-level travel time spent in this place.
 D = Time resting spent in this place.
 E = Time spent auto-exploring this place.
 F = Levels seen in this place.
 G = Mean time per level.
                   A        B        C        D        E       F      G
               +--------+--------+--------+--------+--------+-----+--------+
         Total |  11126 |  10304 |    822 |    655 |   7955 |  12 |  927.2 |
       Dungeon |  11060 |  10259 |    801 |    655 |   7955 |  11 | 1005.5 |
        Temple |     66 |     45 |     21 |      0 |      0 |   1 |   66.0 |
               +--------+--------+--------+--------+--------+-----+--------+

Top non-repeatable levels by time:
     D:5: 1726 daAuts
     D:3: 1677 daAuts
     D:6: 1236 daAuts
     D:7: 1101 daAuts
    D:10: 1076 daAuts
     D:4: 977 daAuts
     D:1: 926 daAuts
     D:8: 888 daAuts
     D:9: 689 daAuts
     D:2: 681 daAuts
    D:11: 79 daAuts
  Temple: 66 daAuts
